Map: Simulacrum LE

Players

Neeblet (Neeb)

  • Race: Protoss Protoss
  • Spawn Location: 11:00

Serral - Winner!

  • Race: Zerg Zerg
  • League: Master
  • Spawn Location: 5:00

Event: StayAtHomestory Cup #1

VOD

Have the link to the VOD?

Description

Time

  • Played on: April 11, 2020, 11:42 a.m.
  • Length: 9:17

All games in this series

Show
View Real Time Build Order
Export as new Build Order

Neeblet Protoss 

Build Orders: 1 Gate Expand, Oracle Opening, Phoenix Opening, Zealot Archon 

Get SALT Encoding   

  12  0:00  Probe  
  13  0:12  Probe  
  14  0:19  Pylon  
  14  0:24  Probe  
  15  0:37  Probe (Chrono Boost)  
  16  0:42  Gateway  
  16  0:47  Probe (Chrono Boost), Assimilator  
  17  0:52  Probe (Chrono Boost)  
  18  1:04  Probe  
  19  1:16  Probe  
  20  1:24  Nexus  
  20  1:35  Cybernetics Core  
  20  1:37  Probe  
  21  1:42  Assimilator  
  21  1:49  Probe  
  21  1:52  Pylon  
  22  2:01  Probe (Chrono Boost)  
  23  2:09  Adept (Chrono Boost)  
  23  2:11  Probe (Chrono Boost)  
  26  2:16  Probe  
  26  2:21  Stargate  
  27  2:29  Probe (Chrono Boost)  
  28  2:30  Warp Gate  
  30  2:37  Adept  
  30  2:38  Probe (Chrono Boost)  
  32  2:46  Probe (Chrono Boost)  
  32  2:47  Probe (Chrono Boost)  
  33  2:52  Probe x2 (Chrono Boost)  
  33  2:57  Gateway  
  35  3:04  Probe x2  
  37  3:06  Phoenix (Chrono Boost)  
  39  3:15  Pylon  
  39  3:16  Probe  
  39  3:17  Probe  
  41  3:24  Oracle (Chrono Boost)  
  44  3:28  Probe  
  44  3:29  Probe  
  46  3:34  Gateway  
  46  3:37  Assimilator  
  46  3:39  Assimilator  
  46  3:41  Probe  
  46  3:43  Probe  
  48  3:50  Pylon  
  48  3:53  Probe, Oracle (Chrono Boost)  
  50  3:56  Probe  
  51  4:04  Pylon  
  51  4:05  Probe  
  51  4:08  Probe  
  53  4:12  Robotics Facility  
  53  4:18  Probe  
  53  4:21  Probe  
  55  4:25  Adept  
  55  4:26  Adept  
  55  4:30  Probe  
  55  4:31  Adept  
  62  4:40  Nexus  
  62  4:43  Pylon  
  62  4:44  Probe  
  63  4:46  Probe  
  63  4:50  Pylon  
  64  4:55  Sentry x2  
  64  4:56  Sentry  
  70  5:01  Probe  
  70  5:02  Probe  
  70  5:03  Immortal (Chrono Boost)  
  76  5:12  Pylon  
  77  5:14  Probe  
  77  5:19  Probe  
  78  5:22  Twilight Council  
  78  5:24  Forge  
  78  5:32  Gateway  
  78  5:35  Immortal (Chrono Boost)  
  82  5:42  Gateway  
  82  5:43  Gateway  
  82  5:47  Shield Battery  
  82  5:52  Sentry  
  82  5:53  Zealot  
  82  5:56  Probe x2  
  88  6:03  Immortal (Chrono Boost)  
  75  6:04  Zealot  
  75  6:07  Probe (Chrono Boost), Protoss Ground Weapons Level 1 (Chrono Boost)  
  81  6:13  Probe x2 (Chrono Boost)  
  82  6:20  Probe (Chrono Boost)  
  82  6:21  Charge  
  82  6:24  Probe (Chrono Boost)  
  82  6:25  Probe x2 (Chrono Boost)  
  84  6:26  Templar Archives  
  84  6:29  Assimilator  
  84  6:31  Assimilator  
  86  6:35  Probe x2, Pylon  
  86  6:38  Probe  
  89  6:42  Observer  
  89  6:44  Pylon  
  91  6:47  Probe  
  90  6:55  Probe  
  91  7:03  Gateway  
  91  7:05  Gateway, High Templar x2  
  91  7:06  Warp Prism (Chrono Boost)  
  91  7:07  Gateway  
  91  7:08  High Templar x2, Zealot x2  
  99  7:12  Archon  
  99  7:13  Archon, Gateway  
  105  7:17  Probe  
  105  7:18  Probe  
  105  7:21  Pylon  
  107  7:23  Pylon  
  107  7:26  Pylon  
  107  7:33  High Templar x2  
  111  7:39  Archon  
  111  7:40  Zealot x4  
  119  7:45  Probe x2  
  119  7:48  Pylon x2  
  121  8:00  Zealot x5  
  121  8:01  Zealot x2  
  129  8:09  Probe  
  129  8:10  Probe  
  129  8:12  Probe  
  111  8:17  Zealot x3  
  109  8:20  Zealot x4  
  109  8:21  Zealot  
  117  8:29  High Templar  
  119  8:36  Nexus  
  119  8:37  High Templar  
  119  8:38  High Templar x2  
  125  8:48  High Templar x2  
  119  8:53  Observer  
  120  9:00  Zealot x3  
  120  9:02  Pylon  
  126  9:05  Photon Cannon  
  126  9:09  Pylon, Photon Cannon  
  126  9:13  Zealot  
  126  9:14  Archon, Zealot x3  
  126  9:15  Archon  
Show
View Real Time Build Order
Export as new Build Order

Serral Zerg - Winner!

Build Orders: Hatch First 

Get SALT Encoding   

  12  0:00  Drone  
  13  0:12  Overlord  
  13  0:17  Drone  
  14  0:30  Drone x2  
  16  0:48  Hatchery  
  15  0:51  Drone  
  15  0:54  Drone  
  17  0:58  Drone  
  18  1:08  Extractor  
  17  1:13  Spawning Pool  
  17  1:17  Drone  
  17  1:20  Drone  
  18  1:27  Drone  
  19  1:39  Drone  
  20  1:49  Drone  
  21  1:59  Overlord  
  21  2:00  Queen  
  24  2:01  Zergling x2  
  24  2:02  Queen  
  26  2:11  Drone x2  
  26  2:12  Metabolic Boost  
  28  2:22  Drone x2  
  30  2:32  Drone  
  30  2:33  Drone  
  30  2:36  Queen  
  34  2:42  Queen  
  36  2:44  Overlord  
  36  2:48  Overlord  
  36  3:03  Zergling x2, Drone  
  36  3:04  Drone x2  
  40  3:10  Drone x5  
  45  3:14  Drone  
  45  3:18  Lair  
  45  3:19  Extractor  
  45  3:26  Drone  
  46  3:27  Drone  
  46  3:29  Overlord  
  47  3:37  Hatchery  
  46  3:41  Drone x3  
  49  3:50  Extractor  
  49  3:51  Spore Crawler  
  49  3:54  Zergling x2  
  48  3:55  Drone  
  48  3:56  Drone x3  
  52  4:04  Spore Crawler, Overlord  
  52  4:06  Drone  
  52  4:09  Overlord  
  52  4:19  Hydralisk Den, Drone  
  52  4:22  Zergling x4  
  52  4:23  Zergling x2  
  54  4:24  Drone x2  
  56  4:36  Zergling x2  
  56  4:37  Zergling x8  
  61  4:49  Muscular Augments  
  60  4:53  Hydralisk x4  
  60  4:57  Hydralisk x2  
  72  5:00  Overlord x2  
  72  5:03  Overlord  
  72  5:05  Overlord  
  72  5:12  Hydralisk  
  74  5:18  Drone x5  
  79  5:21  Drone  
  79  5:25  Hydralisk  
  81  5:29  Drone x6  
  81  5:34  Overlord  
  86  5:36  Extractor, Evolution Chamber  
  86  5:38  Drone x2  
  86  5:41  Overlord  
  86  5:47  Drone x2  
  87  5:50  Spore Crawler  
  85  5:59  Drone x5  
  85  6:00  Grooved Spines, Drone  
  85  6:09  Zerg Melee Weapons Level 1  
  85  6:10  Drone x8  
  85  6:13  Extractor x2  
  85  6:18  Drone x2  
  81  6:21  Baneling Nest  
  78  6:29  Hydralisk x2  
  82  6:33  Hatchery  
  82  6:34  Hydralisk x2  
  82  6:38  Hydralisk x2  
  89  6:40  Overseer  
  89  6:42  Overlord  
  89  6:47  Hydralisk x3  
  89  6:54  Drone x5  
  99  6:56  Drone x2  
  99  6:59  Zergling x6  
  99  7:00  Overseer  
  104  7:05  Centrifical Hooks, Overlord  
  104  7:07  Zergling x2  
  105  7:10  Zergling x6  
  105  7:14  Hydralisk x2  
  112  7:17  Zergling x4  
  112  7:22  Hydralisk x2  
  114  7:23  Zergling x4  
  114  7:26  Overlord  
  114  7:28  Zergling x6  
  123  7:35  Hydralisk  
  125  7:38  Overlord x2  
  125  7:39  Zergling x2, Hydralisk  
  125  7:40  Zergling x4  
  130  7:45  Baneling x10  
  130  7:50  Baneling x4  
  130  7:53  Hydralisk x2  
  130  7:54  Hydralisk  
  130  7:57  Hydralisk x2  
  140  8:00  Baneling x7  
  140  8:05  Hydralisk  
  136  8:06  Zergling x2  
  136  8:12  Zergling x14  
  134  8:18  Zergling x12  
  137  8:23  Zergling x8  
  137  8:25  Baneling x2  
  141  8:27  Overlord  
  141  8:30  Overlord  
  141  8:33  Baneling x13  
  141  8:34  Baneling  
  141  8:38  Zergling x10  
  146  8:42  Baneling  
  146  8:43  Baneling x8  
  146  8:48  Overlord x3  
  146  8:51  Overlord  
  146  8:53  Baneling  
  146  8:54  Baneling x5  
  146  8:57  Drone  
Tags
 
Add a new tag
Caveats
  • Supply blocks, unpowered buildings, or Contaminate may cause inaccurate times.
  • Supply counts are checked every 10 seconds.